 Dungeon Crawl Stone Soup version 0.28.0-53-g5a82cb258f (webtiles) character file.

Game seed: 8157712551584985207

10641 DildoBatman the Blocker (level 11, 0/84 HPs)
             Began as a Formicid Conjurer on May 24, 2022.
             Was an Initiate of Gozag.
             Killed from afar by a gargoyle (15 damage)
             ... with a stone arrow
             ... on level 11 of the Dungeon.
             The game lasted 00:48:30 (13389 turns).

DildoBatman the Blocker (Formicid Conjurer)        Turns: 13389, Time: 00:48:30

Health: 0/84       AC:  8    Str: 11    XL:     11   Next: 96%
Magic:  11/21      EV: 13    Int: 25    God:    Gozag
Gold:   1129       SH: 12    Dex: 18    Spells: 11/24 levels left

rFire   . . .      SeeInvis +   a - +7 quarterstaff of the Eel {vorpal, Fly SInv}
rCold   . . .      Faith    .   k - +0 kite shield
rNeg    . . .      Spirit   .   G - +0 leather armour "Vugo Mos" {Dex+5}
rPois   .          Reflect  .   (helmet unavailable)
rElec   .          Harm     .   w - +0 cloak
rCorr   .          Rampage  .   (no gloves)
Will    +....                   I - +2 pair of boots {Stlth+}
Stlth   +++.......              (no amulet)
HPRegen 0.24/turn               h - +6 ring of intelligence
MPRegen 0.17/turn               (no ring)

@: gold aura, flying
A: permanent stasis, dig shafts and tunnels, antennae 3, four strong arms,
MP-powered wands
a: Dig, Shaft Self, Renounce Religion, Potion Petition, Call Merchant, Bribe
Branch


You were on level 11 of the Dungeon.
You worshipped Gozag.
Gozag was most pleased with you.
You visited 2 branches of the dungeon, and saw 12 of its levels.

You collected 1760 gold pieces.
You spent 493 gold pieces at shops.
You paid 138 gold pieces to Gozag.

Inventory:

Hand Weapons
 a - the +7 quarterstaff of the Eel (weapon) {vorpal, Fly SInv}
   (You found it on level 7 of the Dungeon)

   It inflicts extra damage upon your enemies.
   SInv:      It lets you see invisible.
   Fly:       It grants you flight.
 b - the +8 morningstar of Conscience {spect, Contam rF+ Dex+4}
   (You took it off an orc on level 6 of the Dungeon)

   When its wielder attacks, the weapon's spirit leaps out and strikes again.
   The spirit shares a part of any damage it takes with its wielder.
   Dex:       It affects your dexterity (+4).
   rF:        It protects you from fire.
   Contam:    It causes magical contamination when unequipped.
 d - a +3 scimitar of flaming
Missiles
 r - 38 sling bullets
 u - 147 arrows
 x - 81 bolts
 y - 311 stones
 F - a throwing net
Armour
 k - a +0 kite shield (worn)
 w - a +0 cloak (worn)
 G - the +0 leather armour "Vugo Mos" (worn) {Dex+5}
   (You found it on level 8 of the Dungeon)

   Dex:       It affects your dexterity (+5).
 I - a +2 pair of boots of stealth (worn)
Jewellery
 g - the amulet "Nyocvir" {Reflect rF- rN+++ Int-3 SH+5 SInv}
   (You found it on level 7 of the Dungeon)

   [amulet of reflection]

   It reflects blocked missile attacks.
   Int:       It affects your intelligence (-3).
   rF:        It makes you vulnerable to fire.
   rN:        It renders you almost immune to negative energy.
   SInv:      It lets you see invisible.
   SH:        It affects your SH (+5).
 h - a +6 ring of intelligence (left hand)
 t - a ring of fire
Wands
 n - a wand of paralysis (3)
 B - a wand of flame (21)
 J - a wand of acid (17)
 L - a wand of iceblast (10)
Scrolls
 f - 3 scrolls of holy word
 j - 6 scrolls of fog
 m - 6 scrolls of amnesia
 o - 2 scrolls of immolation {unknown}
 p - 2 scrolls of blinking {unknown}
 q - 3 scrolls of silence
 z - a scroll of identify
 A - 2 scrolls of vulnerability {unknown}
 C - a scroll of magic mapping {unknown}
 H - 3 scrolls of teleportation {unknown}
 N - a scroll of fear {unknown}
 O - a scroll of enchant armour {unknown}
Potions
 i - 4 potions of curing
 l - a potion of brilliance {unknown}
 s - a potion of ambrosia
 v - a potion of attraction {unknown}
 D - 2 potions of degeneration {unknown}
 E - a potion of heal wounds {unknown}
 M - 3 potions of lignification
Miscellaneous
 e - a tin of tremorstones (2/2)


   Skills:
 * Level 7.5 Fighting
 * Level 7.5 Armour
 * Level 4.9 Dodging
 - Level 2.4 Stealth
 - Level 9.0 Shields
 - Level 7.0 Spellcasting
 - Level 6.0 Conjurations
 - Level 9.0 Necromancy


You had 11 spell levels left.
You knew the following spells:

 Your Spells              Type           Power      Damage    Failure   Level
a - Searing Ray           Conj           76%        2d7       1%          2
b - Pain                  Necr           100%       1d9       1%          1
c - Magic Dart            Conj           100%       1d8       1%          1
d - Vampiric Draining     Necr           52%        2d9       1%          3
e - Iron Shot             Conj/Erth      11%        9d3       100%        6

Your spell library contained the following spells:

 Spells                   Type           Power      Damage    Failure   Level
 Animate Skeleton         Necr           100%       N/A       1%          1
 Dazzling Flash           Conj/Hex       46%        N/A       14%         3
 Apportation              Tloc           16%        N/A       16%         1
 Iskenderun's Battlesphe  Conj           38%        2d9       36%         5
 Fulminant Prism          Conj/Hex       11%        3d9       43%         4
 Iskenderun's Mystic Bla  Conj/Tloc      23%        2d6       43%         4
 Animate Armour           Summ/Erth      16%        N/A       85%         4
 Alistair's Intoxication  Tmut/Pois      5%         N/A       99%         5
 Blade Hands              Tmut           4%         N/A       99%         5
 Spellforged Servitor     Conj/Summ      11%        N/A       100%        7


Dungeon Overview and Level Annotations

Branches:
Dungeon (11/15)            Temple (1/1) D:7
   Lair: D:8-11         Orc: D:9-12

Altars:
Ashenzari
Cheibriados
Dithmenos
Elyvilon
Fedhas
Gozag
Hepliaklqana
Kikubaaqudgha
Makhleb
Nemelex Xobeh
Okawaru
Qazlal
Ru
Sif Muna
Trog
Uskayaw
Vehumet
Wu Jian
Xom
Yredelemnul
Zin
The Shining One

Shops:
D:4 *[   D:8 (

Annotations:
D:8 Bruhh's ghost, novice HOFi
D:9 1 exclusion


Innate Abilities, Weirdness & Mutations

You cannot be hasted, slowed, berserked, paralysed or teleported.
You can dig through walls and to a lower floor.
You have a pair of large antennae on your head. (SInv)
Your four strong arms can wield two-handed weapons with a shield.
You expend magic power (3 MP) to strengthen your wands.


Message History

The searing ray hits the yak!
You kill the yak!
You finish channelling your searing ray.
The gargoyle barely misses you.
Casting: Searing Ray (safe; 1% risk of failure)
Confirm with . or Enter, or press ? or * to list all spells.
Aiming: Searing Ray (safe; 1% risk of failure)
Press: ? - help, Shift-Dir - straight line, f/p - gargoyle
Aim: a gargoyle, wielding a +0 mace (severely damaged, 91% to hit)
The searing ray hits the gargoyle but does no damage.
The gargoyle is severely damaged. (Press . to maintain the ray.)
The gargoyle hits you with a +0 mace.
The searing ray hits the gargoyle but does no damage.
The gargoyle is severely damaged.
The gargoyle hits you with a +0 mace!
The searing ray hits the gargoyle but does no damage.
The gargoyle is severely damaged.
The gargoyle closely misses you.
You are confused.
You feel invigorated. The gargoyle hits you with a +0 mace!
You bump into the metal wall.
The gargoyle hits you but does no damage.
You bump into the metal wall.
You feel less invigorated.
You feel less confused. You block the gargoyle's attack.
Casting: Searing Ray (safe; 1% risk of failure)
Confirm with . or Enter, or press ? or * to list all spells.
Aiming: Searing Ray (safe; 1% risk of failure)
Press: ? - help, Shift-Dir - straight line, f/p - gargoyle
Aim: a gargoyle, wielding a +0 mace (severely damaged, 91% to hit)
The searing ray hits the gargoyle but does no damage.
The gargoyle is severely damaged. (Press . to maintain the ray.)
The gargoyle hurls a stone arrow at you.
The stone arrow hits you!
You die...
Your body crumbles into a pile of gold.

#.# #..#.......## .#
#.####..#......... ##.#
#................. .#.#
#############..#######...
.#.#
...............#######.##
.#.#
#.#####.######.........#
.#.# #.# ###########
...###### #.###########
......... #.@9$........
.######## ######.#.####
.# #........ .#
#.###....{# .# #.# ...Y.#
.########### #.# Y..Y..#
...........# #.# .Y..{..
##########.# #.#{ ......#
#.# #.# {


You could see a gargoyle.

Vanquished Creatures
  Erica (D:9)
  2 two-headed ogres
  2 centaur warriors (D:8)
  A gargoyle (D:10)
  An efreet (D:8)
  A komodo dragon (D:11)
  A kobold demonologist (D:9)
  A troll (D:10)
  A slime creature (D:8)
  4 yaks (D:11)
  A vampire (D:8)
  2 wraiths (D:11)
  2 steam dragons
  Menkaure (D:7)
  4 vampire mosquitoes (D:7)
  An acid dragon (D:7)
  3 water moccasins
  An orc warrior (D:11)
  2 ice beasts (D:6)
  A black bear (D:6)
  2 necrophages
  2 sky beasts
  2 centaurs (D:10)
  A kobold brigand (D:8)
  3 bullfrogs
  A gnoll sergeant (D:5)
  2 scorpions
  A wyvern zombie (D:9)
  A wyvern skeleton (D:4)
  10 wights
  16 killer bees (D:8)
  4 howler monkeys
  2 centaur zombies
  2 jellies
  2 bullfrog skeletons
  2 orc priests
  2 gnoll shamans
  5 hounds
  A centaur skeleton (D:7)
  4 iguanas
  8 orc wizards
  A howler monkey zombie (D:4)
  A howler monkey skeleton (D:7)
  26 gnolls
  8 adders
  A shadow imp (D:6)
  A white imp (D:6)
  An ufetubus (D:5)
  2 worms (D:2)
  3 dart slugs
  42 orcs
  5 endoplasms
  2 giant cockroaches (D:3)
  7 goblins
  5 hobgoblins
  17 jackals
  A quokka (D:2)
  4 ball pythons
  4 bats (D:2)
  A frilled lizard (D:2)
  11 kobolds
  5 rats
254 creatures vanquished.

Vanquished Creatures (others)
  A plant (D:5)
1 creature vanquished.

Grand Total: 255 creatures vanquished

Notes
Turn   | Place    | Note
-------+----------+-------------------------------------------
     0 | D:1      | DildoBatman the Formicid Conjurer began the quest for the
                  | Orb.
     0 | D:1      | Reached XP level 1. HP: 13/13 MP: 3/3
    84 | D:1      | Found a faded altar of an unknown god.
   292 | D:1      | Reached XP level 2. HP: 18/19 MP: 3/5
   295 | D:1      | Learned a level 2 spell: Searing Ray
   584 | D:2      | Reached XP level 3. HP: 24/24 MP: 0/6
  1071 | D:2      | Found a broken altar of Ashenzari.
  1082 | D:2      | Reached XP level 4. HP: 30/30 MP: 3/7
  1184 | D:2      | Reached skill level 5 in Conjurations
  1518 | D:3      | Noticed a scorpion
  1561 | D:3      | Killed a scorpion
  1562 | D:3      | Reached XP level 5. HP: 9/35 MP: 0/8
  1657 | D:3      | Found an ornate altar of the Wu Jian Council.
  2142 | D:4      | Found Bisieh Zuepp's Armour Boutique.
  2203 | D:4      | Reached skill level 1 in Fighting
  2203 | D:4      | Reached skill level 1 in Armour
  2203 | D:4      | Reached XP level 6. HP: 34/43 MP: 1/9
  2664 | D:4      | Reached XP level 7. HP: 43/50 MP: 3/12
  2722 | D:4      | Found Noqupu's Needful Niceties.
  2923 | D:4      | You fall into a shaft and drop 3 floors!
  2923 | D:7      | Noticed a vampire mosquito
  2923 | D:7      | Noticed a vampire mosquito
  2923 | D:7      | Noticed a vampire mosquito
  2928 | D:7      | You fall into a shaft and drop 3 floors!
  2928 | D:10     | Entered Level 10 of the Dungeon
  2982 | D:10     | Noticed a gargoyle
  2985 | D:9      | Noticed a water moccasin
  2991 | D:9      | Killed a water moccasin
  2992 | D:9      | Reached skill level 5 in Spellcasting
  3304 | D:9      | Reached XP level 8. HP: 53/55 MP: 10/17
  3491 | D:8      | Reached skill level 1 in Shields
  3781 | D:8      | Found Eguosare's Antique Weapon Emporium.
  3796 | D:8      | Noticed a vampire
  3801 | D:7      | Found a staircase to the Ecumenical Temple.
  3804 | D:7      | Reached skill level 5 in Shields
  3813 | Temple   | Entered the Ecumenical Temple
  4121 | Temple   | Became a worshipper of Gozag Ym Sagoz the Greedy
  4195 | D:7      | Identified the +7 quarterstaff of the Eel {vorpal, Fly
                  | SInv}
  4318 | D:7      | Reached XP level 9. HP: 58/61 MP: 13/19
  4643 | D:5      | Entered Level 5 of the Dungeon
  6014 | D:4      | Bought a book of Necromancy for 192 gold pieces
  6018 | D:4      | Learned a level 3 spell: Vampiric Draining
  6071 | D:4      | Bought a +2 pair of boots of stealth for 301 gold pieces
  6332 | D:6      | Identified the +8 morningstar of Conscience {spect, Contam
                  | rF+ Dex+4}
  6361 | D:6      | Reached skill level 1 in Necromancy
  6361 | D:6      | Reached XP level 10. HP: 69/73 MP: 11/20
  6493 | D:6      | You are sucked into a shaft and drop 1 floor!
  6536 | D:7      | Reached skill level 5 in Fighting
  6628 | D:7      | Reached skill level 5 in Armour
  6799 | D:7      | Noticed Menkaure
  6803 | D:7      | Killed Menkaure
  6907 | D:7      | You are sucked into a shaft and drop 3 floors!
  7075 | D:8      | Found a transporter.
  7075 | D:8      | Found a transporter.
  7079 | D:8      | Noticed Bruhh's ghost (novice HOFi)
  7239 | D:8      | Reached skill level 5 in Necromancy
  7326 | D:8      | Noticed a centaur warrior
  7364 | D:8      | Noticed a centaur warrior
  7683 | D:8      | Noticed an efreet
  7790 | D:7      | Found a basalt altar of Yredelemnul.
  7816 | D:7      | Found a shadowy altar of Dithmenos.
  7973 | D:7      | Identified the amulet "Nyocvir" {Reflect rF- rN+++ Int-3
                  | SH+5 SInv}
  8651 | D:9      | Noticed a kobold demonologist
  8797 | D:9      | Noticed Erica
  8826 | D:9      | Learned a level 1 spell: Pain
  8965 | D:9      | Noticed a two-headed ogre
  9004 | D:9      | Killed a two-headed ogre
  9141 | D:8      | Killed a centaur warrior
  9142 | D:8      | Reached XP level 11. HP: 40/79 MP: 7/21
  9576 | D:8      | Gained mutation: You expend magic power (3 MP) to
                  | strengthen your wands. [mutagenic glow]
  9970 | D:8      | Killed a centaur warrior
 10113 | D:8      | You are sucked into a shaft and drop 3 floors!
 10490 | D:11     | Noticed a two-headed ogre
 10509 | D:11     | Killed a two-headed ogre
 10611 | D:11     | Learned a level 6 spell: Iron Shot
 10674 | D:10     | Found a sacrificial altar of Ru.
 11456 | D:9      | Killed Erica
 12214 | D:8      | You are sucked into a shaft and drop 1 floor!
 12755 | D:8      | Identified the +0 leather armour "Vugo Mos" {Dex+5}
 13389 | D:11     | Killed from afar by a gargoyle

Illustrated notes

Levels and vault maps discovered:
D:1:      sevenhm_arrival_forest_fort_small_3, layout_rooms,
          shapermc_ecumenical_altar_starsandcircs
D:2:      layout_loops_ring, basic_altar
D:3:      layout_basic, nzn_wu_jian_contemplation
D:4:      layout_gridville, hangedman_abyss_or_decor_passed, grunt_ministairs_1,
          nicolae_stop_n_shop_2, nicolae_alphabet_shops,
          nicolae_concentric_dashed_squares_wild, corexii_leaking_fountain
D:5:      lemuel_castle_with_subvaults [lemuel_castle_interior_carwin_1],
          layout_gridville, grunt_decor_junction
D:6:      layout_cave_pools
D:7:      layout_cave_pools, mainiacjoe_overflow_two_lobes,
          minmay_temple_entry_grid, minmay_fountain_box, uniq_menkaure
D:8:      layout_rooms, gammafunk_ghost_hive, serial_shops, shop,
          minmay_diamond_spiral
D:9:      layout_irregular_city, uniq_erica
D:10:     layout_long_grid, mainiacjoe_overflow_brackets
D:11:     layout_loops_ring, david_lair_shrubbed
Temple:   dpeg_five_rooms_temple

Skill      XL: |  1  2  3  4  5  6  7  8  9 10 11 |
---------------+----------------------------------+-----
Conjurations   | 4 5 6 |  6.0
Fighting       | 1 2 4 5 7 |  7.5
Armour         | 1 2 4 5 7 |  7.5
Spellcasting   | 3 6 7 |  7.0
Shields        | 6 9 |  9.0
Necromancy     | 1 8 9 |  9.0
Dodging        | 4 |  4.9
Stealth        | |  2.4

Action                   |  1- 3 |  4- 6 |  7- 9 | 10-12 || total
-------------------------+-------+-------+-------+-------++-------
Melee: Mace              |    23 |    26 |       |       ||    49
       Whip              |       |       |    22 |       ||    22
       Quarterstaff      |       |       |    91 |    86 ||   177
       Morningstar       |       |       |       |     6 ||     6
 Cast: Magic Dart        |    27 |    46 |    16 |    25 ||   114
       Searing Ray       |     4 |    16 |    54 |    73 ||   147
       Vampiric Draining |       |       |       |    10 ||    10
       Pain              |       |       |       |     6 ||     6
 Abil: Dig               |       |       |     3 |     6 ||     9
       Shaft Self        |       |       |     1 |     4 ||     5
Evoke: Wand              |       |     2 |       |       ||     2
  Use: Potion            |       |     2 |       |     3 ||     5
       Scroll            |       |       |       |     7 ||     7
 Stab: Sleeping          |     1 |       |     2 |     3 ||     6
       Distracted        |       |       |     2 |     3 ||     5
Armor: Robe              |     8 |     4 |    24 |    54 ||    90
       Leather armour    |       |       |       |    15 ||    15
Dodge: Dodged            |    21 |    22 |    77 |   122 ||   242
Block: Kite shield       |       |       |    49 |   141 ||   190
